 Dungeon Crawl Stone Soup version 0.20-b1-18-gaa2fd62 (webtiles) character file.

153157 Gorglomux the Brawler (level 17, -4/175 HPs)
             Began as a Troll Necromancer on May 23, 2017.
             Was a High Priest of Okawaru.
             Slain by a black mamba (12 damage)
             ... on level 4 of the Snake Pit on May 24, 2017.
             The game lasted 01:59:00 (27196 turns).

Gorglomux the Brawler (Troll Necromancer)          Turns: 27196, Time: 01:59:01

Health: -4/175     AC: 13    Str: 24    XL:     17   Next: 4%
Magic:  0/22       EV:  9    Int: 11    God:    Okawaru [*****.]
Gold:   1450       SH: 11    Dex: 15    Spells: 14/18 levels left

rFire    + . .     SeeInvis .     - Unarmed
rCold    + . .     Gourm    +   K - +2 shield {reflect}
rNeg     . . .     Faith    .   b - +0 ice dragon scales
rPois    +         Spirit   +   N - +0 hat of Siavees {rPois rF+ rC- Str+4}
rElec    .         Reflect  +   t - +2 cloak
rCorr    +         Harm     .   (gloves unavailable)
MR       +....                  (boots unavailable)
Stlth    ..........             a - amulet of guardian spirit {Spirit}
Regen    0.8/turn               M - ring of protection from fire {rF+, !d}
MPRegen  0.2/turn               v - ring of resist corrosion

@: lethally poisoned (-4 -> -7), constricted, very slow
A: unfitting armour, claws 3, deformed body, fast metabolism 3, gourmand,
regeneration 1, shaggy fur 1, tough skin 2
a: Heroism, Finesse, Renounce Religion


You were on level 4 of the Snake Pit.
You worshipped Okawaru.
Okawaru was extremely pleased with you.
You were very full.

You visited 5 branches of the dungeon, and saw 28 of its levels.
You also visited: Labyrinth.

You collected 2970 gold pieces.
You spent 1520 gold pieces at shops.

Inventory:

Missiles
 y - 6 large rocks {!d=f}
 Q - 3 throwing nets {=f, !d}
Armour
 b - +0 ice dragon scales (worn)
   (You found it on level 15 of the Dungeon)
 i - a +0 large shield
   (You found it on level 4 of the Snake Pit)
 t - a +2 cloak (worn)
   (You found it on level 2 of the Dungeon)
 u - a +4 troll leather armour {Snorg}
   (You found it on level 3 of the Lair of Beasts)
 K - a +2 shield of reflection (worn)
   (You took it off Donald on level 3 of the Snake Pit)
 N - the +0 hat of Siavees (worn) {rPois rF+ rC- Str+4}
   (Okawaru gifted it to you on level 14 of the Dungeon)

   It affects your strength (+4).
   It protects you from fire.
   It makes you vulnerable to cold.
   It protects you from poison.
Jewellery
 a - an amulet of guardian spirit (around neck) {Spirit}
   (You took it off a minotaur in a labyrinth)
 l - an uncursed ring of wizardry {Wiz+, !d}
   (You found it on level 3 of the Lair of Beasts)
 v - a ring of resist corrosion (right claw)
   (You found it on level 3 of the Dungeon)
 M - a ring of protection from fire (left claw) {rF+, !d}
   (You found it on level 14 of the Dungeon)
 O - an uncursed ring of protection from magic {MR+, !d}
   (You found it on level 3 of the Lair of Beasts)
 R - an uncursed ring of see invisible {sInv, !d}
   (You found it on level 2 of the Lair of Beasts)
 W - an uncursed ring of flight {+Fly, !d}
   (You found it in a labyrinth)
Wands
 s - a wand of iceblast (4/15)
   (You found it on level 1 of the Snake Pit)
 x - a wand of disintegration (10/24)
   (You found it on level 15 of the Dungeon)
 S - a wand of iceblast (4/15)
   (You found it on level 2 of the Lair of Beasts)
 T - a wand of disintegration (11/24)
   (You found it on level 14 of the Dungeon)
 V - a wand of polymorph (8/24)
   (You took it off a naga on level 3 of the Snake Pit)
Scrolls
 e - 12 scrolls of remove curse
 f - 8 scrolls of identify
 g - a scroll of enchant armour
 h - 2 scrolls of silence
 j - 10 scrolls of fog
 k - 7 scrolls of teleportation
 q - 5 scrolls of blinking {!r}
 C - a scroll of fear
 L - a scroll of enchant weapon
 U - 4 scrolls of summoning
 Z - a scroll of magic mapping {!r}
Potions
 d - 4 potions of curing
 n - 9 potions of haste
 p - 5 potions of mutation {!q}
 r - a potion of heal wounds
 w - 2 potions of cancellation
 z - a potion of berserk rage {!q}
 B - 6 potions of flight
 D - a potion of magic
 G - a potion of invisibility
 H - 2 potions of might
 I - a potion of ambrosia
 J - 4 potions of resistance
 P - 2 potions of agility
Miscellaneous
 E - a lamp of fire
   (You found it on level 15 of the Dungeon)
 X - a box of beasts
 Y - a phial of floods (inert)
   (You found it in a labyrinth)
Comestibles
 c - 18 bread rations {@e1}
 m - 22 fruits
 o - 3 chunks of flesh {@w0}
 A - 9 meat rations {@e2}
 F - 23 royal jellies


   Skills:
 + Level 12.5 Fighting
 + Level 7.3 Throwing
 + Level 6.5 Armour
 + Level 10.8 Dodging
 - Level 1.0 Stealth
 * Level 2.6 Shields
 * Level 18.5 Unarmed Combat
 - Level 1.2 Spellcasting
 - Level 3.2 Necromancy
 - Level 9.0 Invocations


You had 14 spell levels left.
You knew the following spells:

 Your Spells              Type           Power        Failure   Level  Hunger
a - Pain                  Necr           #...         65%         1    ##.....
r - Regeneration          Chrm/Necr      #.........   99%         3    ####...


Dungeon Overview and Level Annotations

Branches:
Dungeon (15/15)            Temple (1/1) D:4            Lair (6/6) D:9
  Swamp (0/4) Lair:2        Snake (4/4) Lair:4        Slime (0/5) Lair:6
    Orc (2/2) D:11            Elf (0/3) Orc:2        Vaults (0/5) D:13
 Depths (0/5) D:15

Altars:
Ashenzari
Cheibriados
Dithmenos
Elyvilon
Hepliaklqana
Nemelex Xobeh
Okawaru
Qazlal
Ru
Sif Muna
Uskayaw
Vehumet
Xom
Yredelemnul
Zin
The Shining One

Shops:
D:6 !   D:8 (*!}   D:13 :   D:14 [   Orc:1 }   Orc:2 %:*(}   Snake:2 }

Portals:
Trove: D:13 (show slimy rune of Zot)

Annotations:
D:3 2 transporters


Innate Abilities, Weirdness & Mutations

You are too large for most types of armour.
You have claws for hands.
Your metabolism is lightning-fast.
You like to eat raw meat.
Your natural rate of healing is unusually fast.
You are covered in fur. (AC +1)
You have very tough skin. (AC +2)
Armour fits poorly on your strangely shaped body.


Message History

You feel your power leaking away. The black mamba barely misses you.
You block the black mamba's attack.
You claw the black mamba! The black mamba bites you! The black mamba bites you.
You block the mana viper's attack.
Unknown command.
You are too injured to fight recklessly!
Unknown command.
You feel sick. You block the mana viper's attack.
You block the black mamba's attack. The mana viper closely misses you.
Unknown command.
You claw the black mamba! The black mamba bites you! The mana viper bites you!
You feel your power leaking away. You block the black mamba's attack.
The black mamba bites you.
You scratch the black mamba. You block the black mamba's attack.
The mana viper bites you! You block the black mamba's attack.
The naga ritualist gestures wildly while chanting.
The naga ritualist begins to radiate toxic energy.
Unknown command.
Unknown command.
You mangle the black mamba!!
You kill the black mamba!
Okawaru accepts your kill. The black mamba barely misses you.
You block the mana viper's attack.
You claw the black mamba!
You are more poisoned.
The black mamba bites you. The mana viper bites you!
* * * LOW HITPOINT WARNING * * *
Unknown command.
You scratch the black mamba but do no damage.
You feel sick.
* * * LOW HITPOINT WARNING * * *
You block the black mamba's attack. You block the mana viper's attack.
The black mamba bites you but does no damage.
Unknown command.
You barely miss the black mamba.
Unknown command.
You scratch the naga ritualist.
You are more poisoned.
The black mamba bites you.
* * * LOW HITPOINT WARNING * * *
You are more poisoned.
The black mamba poisons you!
You claw the naga ritualist!
You feel sick. The black mamba barely misses you.
The mana viper barely misses you.
Unknown command.
You closely miss the naga ritualist.
You feel sick.
* * * LOW HITPOINT WARNING * * *
You are more poisoned.
The naga ritualist's toxic aura wanes.
The black mamba bites you!
* * * LOW HITPOINT WARNING * * *
You block the black mamba's attack.
The naga ritualist hits you but does no damage.
You are more poisoned.
The naga ritualist grabs you.
* * * LOW HITPOINT WARNING * * *
The naga ritualist constricts you. The mana viper barely misses you.
Unknown command.
Unknown command.
Unknown command.
You feel better. The black mamba bites you!
* * * LOW HITPOINT WARNING * * *
You are poisoned.
The black mamba poisons you! The mana viper closely misses you.
You block the black mamba's attack.
You scratch the naga ritualist but do no damage.
You feel sick. The naga ritualist spits poison at you.
The splash of poison hits you! You resist.
* * * LOW HITPOINT WARNING * * *
The naga ritualist constricts you. The black mamba barely misses you.
The mana viper bites you.
* * * LOW HITPOINT WARNING * * *
You feel your power leaking away.
Unknown command.
Aim the phial where?
Aim: a naga ritualist, wielding a scimitar of venom and wearing a robe (moderately wounded, constricting you, catching its breath)
The torrent of water hits the naga ritualist.
The wave splashes down.
Splash!
You fall into the shallow water.
Moving in this stuff is going to be slow.
The water rises up and takes form.
You feel sick. You block the black mamba's attack.
The mana viper bites you but does no damage.
The naga ritualist gestures wildly while chanting.
The naga ritualist begins to radiate toxic energy.
* * * LOW HITPOINT WARNING * * *
The naga ritualist constricts you.
The black mamba splashes around in the water.
You feel much better.
You feel sick.
* * * LOW HITPOINT WARNING * * *
The mana viper bites you!
* * * LOW HITPOINT WARNING * * *
The black mamba bites you but does no damage.
The naga ritualist barely misses you.
* * * LOW HITPOINT WARNING * * *
The naga ritualist constricts you. The mana viper bites you!
* * * LOW HITPOINT WARNING * * *
The black mamba bites you!
You die...

#.## ####............#.#
#
#..####...............#.#
#
#.......####.........##..
# ##...####
#############. # #.####
.# # #.# # ###
########### #
##..E......## #
##...S@≈.....# #
#....≈NS.(...##. #
#.....≈≈≈......#.## #
#.................# #
#..................## ###
#...................###..
................ #......#
#..............###....###
#............## #.....# #


You could see a naga ritualist, a mana viper, a black mamba and a friendly water
elemental.

Vanquished Creatures
  Jorgrun (Snake:2)
  Rupert (Lair:6)
  Gastronok (D:8)
  Agnes (D:14)
  Donald (Snake:3)
  An orc warlord (Orc:1)
  Snorg (Lair:3)
  A minotaur (Lab)
  A fire dragon (D:15)
  The ghost of MirrMurr the Unseen, a journeyman SpEn of Okawaru (Lair:4)
  4 hydras
  8 naga warriors
  An ice dragon (D:15)
  Harold (Lair:2)
  A catoblepas (Lair:6)
  8 death yaks
  9 anacondas
  11 two-headed ogres
  2 centaur warriors (D:13)
  A deep troll shaman (Lair:6)
  6 shock serpents
  4 orc high priests (Orc:2)
  Sonja (D:15)
  7 naga sharpshooters
  4 salamander mystics
  A glowing orange brain (shapeshifter) (D:13)
  3 unseen horrors
  3 naga ritualists
  A lindwurm (Lair:6)
  Pikel (D:7)
  4 mana vipers
  A mana viper (shapeshifter) (D:13)
  4 orc knights
  An oklob plant (Lair:2)
  11 salamanders
  A manticore (D:14)
  4 orc sorcerers
  16 ugly things
  An elephant (shapeshifter) (D:13)
  13 elephants
  A cyclops (D:14)
  5 guardian serpents
  43 black mambas
  A centaur zombie (D:15)
  2 torpor snails
  The ghost of simples the Slasher, a novice BaFi (D:4)
  14 naga magi
  A centaur skeleton (D:15)
  15 spiny frogs
  3 rime drakes
  7 komodo dragons
  A queen bee (D:13)
  5 trolls
  A polar bear (Lair:3)
  A wolf spider simulacrum (D:13)
  3 meliai (D:13)
  Grinder (D:4)
  Prince Ribbit (D:8)
  15 blink frogs
  6 slime creatures (D:14)
  13 hippogriffs
  11 dream sheep
  A shadow (D:13)
  3 vampires
  Sigmund (D:6)
  A basilisk (Lair:5)
  2 hogs (D:12)
  A human (D:12)
  46 yaks
  4 wyverns
  4 vampire mosquitoes (D:12)
  7 hungry ghosts
  2 acid dragons
  35 nagas
  8 wargs
  7 water moccasins
  Duvessa (D:4)
  8 porcupines
  4 black bears
  2 phantoms
  32 orc warriors
  2 sky beasts
  A hornet zombie (D:14)
  An eye of draining (D:15)
  8 ice beasts
  8 ogres
  A necrophage (D:13)
  21 wolves
  17 centaurs
  12 crocodiles
  A gnoll sergeant (D:10)
  A wyvern zombie (D:14)
  The ghost of edgar the Sneak, an amateur SpVM (D:3)
  14 bullfrogs
  Dowan (D:4)
  2 wyvern skeletons
  40 killer bees
  5 scorpions
  8 wights
  An electric eel (Lair:3)
  8 howler monkeys
  9 crimson imps
  A quasit (D:7)
  4 jellies
  2 bullfrog skeletons
  35 orc priests
  5 hounds
  34 orc wizards
  2 iguanas
  4 hell rats (Lair:3)
  6 worker ants
  A hound zombie (D:5)
  A hound skeleton (D:10)
  2 worker ant zombies
  10 adders
  8 gnolls
  A shadow imp (D:5)
  4 oozes
  2 worms
  2 dart slugs (D:1)
  6 leopard geckos
  111 orcs
  8 giant cockroaches
  10 goblins
  9 hobgoblins
  6 jackals
  4 quokkas
  3 ball pythons (D:1)
  14 bats
  3 frilled lizards
  A jackal zombie (D:6)
  12 kobolds
  A leopard gecko skeleton (D:4)
  A quokka zombie (D:8)
  9 rats
  A plant (Lair:3)
948 creatures vanquished.

Vanquished Creatures (collateral kills)
  An ogre (Orc:2)
1 creature vanquished.

Vanquished Creatures (others)
  A naga sharpshooter (Snake:3)
  A spiny frog (Lair:6)
  A naga (Snake:3)
  4 slaves (D:7)
  A water moccasin skeleton (D:7)
  5 orcs (D:7)
  4 fungi (Lair:6)
  2 plants (Lair:5)
19 creatures vanquished.

Grand Total: 968 creatures vanquished

Notes
Turn   | Place    | Note
-------+----------+-------------------------------------------
     0 | D:1      | Gorglomux the Troll Necromancer began the quest for the Orb.
     0 | D:1      | Reached XP level 1. HP: 16/16 MP: 1/1
   128 | D:1      | Reached skill level 1 in Unarmed Combat
   140 | D:1      | HP: 3/18 [hobgoblin/club (4)]
   141 | D:1      | Reached XP level 2. HP: 4/26 MP: 2/2
   327 | D:1      | Reached skill level 1 in Fighting
   395 | D:1      | Reached skill level 2 in Unarmed Combat
   592 | D:1      | Reached XP level 3. HP: 33/33 MP: 3/3
  1147 | D:2      | Reached XP level 4. HP: 41/41 MP: 4/4
  1282 | D:2      | Reached skill level 3 in Unarmed Combat
  1780 | D:3      | Noticed edgar's ghost (amateur SpVM)
  1795 | D:3      | Killed edgar's ghost
  1795 | D:3      | Reached skill level 2 in Fighting
  1795 | D:3      | Reached skill level 4 in Unarmed Combat
  1795 | D:3      | Reached XP level 5. HP: 13/49 MP: 5/5
  1962 | D:3      | You fall through a shaft!
  1977 | D:4      | Noticed simples's ghost (novice BaFi)
  1989 | D:4      | HP: 12/49 [simples's ghost (14)]
  2025 | D:4      | HP: 9/49 [simples's ghost (11)]
  2026 | D:4      | HP: 1/49 [simples's ghost (8)]
  2087 | D:4      | Killed simples's ghost
  2087 | D:4      | Reached skill level 3 in Fighting
  2087 | D:4      | Reached skill level 5 in Unarmed Combat
  2087 | D:4      | Reached XP level 6. HP: 29/61 MP: 6/6
  2181 | D:4      | Noticed Grinder
  2306 | D:4      | Reached skill level 6 in Unarmed Combat
  2306 | D:4      | Reached XP level 7. HP: 63/67 MP: 7/7
  2420 | D:4      | Noticed Dowan
  2422 | D:4      | Noticed Duvessa
  2437 | D:4      | Killed Duvessa
  2440 | D:4      | Killed Dowan
  2608 | D:4      | Found a staircase to the Ecumenical Temple.
  2619 | Temple   | Entered the Ecumenical Temple
  2771 | Temple   | Became a worshipper of Warmaster Okawaru
  3264 | D:4      | Killed Grinder
  3264 | D:4      | Reached skill level 4 in Fighting
  3264 | D:4      | Reached skill level 7 in Unarmed Combat
  3437 | D:5      | Entered Level 5 of the Dungeon
  3683 | D:5      | Reached XP level 8. HP: 78/78 MP: 8/8
  4185 | D:5      | Reached skill level 8 in Unarmed Combat
  4245 | D:6      | Noticed Sigmund
  4250 | D:6      | Killed Sigmund
  4256 | D:6      | Reached * piety under Okawaru
  4296 | D:6      | Found Ikola's Distillery.
  4301 | D:6      | Bought a potion of curing for 30 gold pieces
  4301 | D:6      | Bought a potion of flight for 30 gold pieces
  4301 | D:6      | Bought a potion of might for 40 gold pieces
  4301 | D:6      | Bought a potion of ambrosia for 80 gold pieces
  4301 | D:6      | Bought a potion of resistance for 100 gold pieces
  4301 | D:6      | Bought a potion of degeneration for 10 gold pieces
  4301 | D:6      | Bought a potion of lignification for 30 gold pieces
  4596 | D:6      | Reached skill level 5 in Fighting
  4953 | D:7      | Reached skill level 9 in Unarmed Combat
  5066 | D:7      | Reached XP level 9. HP: 65/89 MP: 6/9
  5071 | D:7      | Reached skill level 6 in Fighting
  5170 | D:7      | Noticed Pikel
  5182 | D:7      | Killed Pikel
  5182 | D:7      | Reached ** piety under Okawaru
  5279 | D:7      | Reached skill level 10 in Unarmed Combat
  5410 | D:7      | Reached skill level 2 in Dodging
  5744 | D:8      | Reached skill level 7 in Fighting
  5799 | D:8      | Reached *** piety under Okawaru
  5804 | D:8      | Found Pulorch's Weapon Shoppe.
  5814 | D:8      | Reached skill level 3 in Dodging
  5948 | D:8      | Noticed Prince Ribbit
  5953 | D:8      | Reached XP level 10. HP: 61/102 MP: 7/10
  5963 | D:8      | Noticed a two-headed ogre
  5964 | D:8      | Killed Prince Ribbit
  5964 | D:8      | Reached skill level 1 in Invocations
  5965 | D:8      | HP: 22/102 [killer bee (7)]
  5970 | D:8      | HP: 21/102 [poisoned by a killer bee]
  5975 | D:8      | HP: 19/102 [poisoned by a killer bee]
  5976 | D:8      | HP: 7/102 [hound (5)]
  5981 | D:7      | HP: 20/102 [poisoned by a killer bee]
  5986 | D:7      | HP: 15/102 [poisoned by a killer bee]
  5993 | D:7      | HP: 14/102 [poisoned by a killer bee]
  6000 | D:7      | HP: 17/102 [poisoned by a killer bee]
  6008 | D:7      | HP: 20/102 [poisoned by a killer bee]
  6142 | D:8      | Found Baock's Assorted Antiques.
  6147 | D:8      | Bought a scroll labeled ONLAMIMEDD for 28 gold pieces
  6147 | D:8      | Bought a scroll labeled DOLEDU INOM for 28 gold pieces
  6147 | D:8      | Bought a scroll labeled TOS KIPEEN for 28 gold pieces
  6147 | D:8      | Bought a scroll of identify for 56 gold pieces
  6158 | D:8      | Found Baofyhud's Distillery.
  6249 | D:8      | Killed a two-headed ogre
  6249 | D:8      | Reached **** piety under Okawaru
  6249 | D:8      | Reached skill level 11 in Unarmed Combat
  6292 | D:8      | Reached skill level 2 in Invocations
  6450 | D:8      | Noticed Gastronok
  6455 | D:8      | Reached skill level 4 in Dodging
  6518 | D:8      | Killed Gastronok
  6518 | D:8      | Reached ***** piety under Okawaru
  6518 | D:8      | Reached skill level 8 in Fighting
  6518 | D:8      | Reached skill level 3 in Invocations
  6550 | D:8      | Found Innorogh's Gadget Boutique.
  6772 | D:9      | Gorglomux: ??alchemist
  6772 | D:9      | beem: alchemist[1/1]: See {alchemist card} or {hat of the alchemist}.
  6772 | D:9      | quik: yo
  6772 | D:9      | Gorglomux: ??hat alchemist
  6772 | D:9      | beem: I don't have a page labeled hat_alchemist in my learndb.
  6772 | D:9      | Gorglomux: hi !
  6791 | D:9      | Received a gift from Okawaru
  6805 | D:9      | Got a brightly glowing scarf {god gift}
  6816 | D:9      | Identified the scarf of the Sailor {Str+2} (Okawaru gifted it to you on level 9 of the Dungeon)
  6875 | D:9      | quik: ??alchemist hat
  6875 | D:9      | beem: hat of the alchemist[1/2]: -2 unrandart hat with rF+ rC+ MR+ rElec rPois rN+ rMut rCorr.
  6879 | D:9      | quik: you're welcome! lol
  6879 | D:9      | Gorglomux: yeah XD
  6948 | D:9      | quik: XD
  6948 | D:9      | Found a staircase to the Lair.
  6967 | D:9      | Reached XP level 11. HP: 77/111 MP: 12/12
  6975 | D:9      | HP: 22/111 [orc priest/divine providence (15)]
  6981 | D:9      | HP: 6/111 [orc wizard/magic dart (8)]
  6991 | D:9      | Reached skill level 12 in Unarmed Combat
  6996 | D:9      | Upgraded the game from 0.21-a0-13-g3fd62ac to 0.20-b1-14-g8425815
  7660 | D:9      | Noticed a two-headed ogre
  7666 | D:9      | Killed a two-headed ogre
  7666 | D:9      | Reached skill level 5 in Dodging
  7666 | D:9      | Reached skill level 4 in Invocations
  7949 | D:9      | Found a stormy altar of Qazlal.
  8094 | D:10     | Entered Level 10 of the Dungeon
  8118 | D:10     | Noticed a two-headed ogre
  8125 | D:10     | Killed a two-headed ogre
  8182 | D:10     | Noticed a two-headed ogre
  8189 | D:10     | Killed a two-headed ogre
  8675 | D:10     | Noticed a two-headed ogre
  8682 | D:10     | Killed a two-headed ogre
  8682 | D:10     | Received a gift from Okawaru
  8687 | D:10     | Got a bloodstained robe {god gift}
  8698 | D:10     | Identified the +1 robe "Qeekuxas" {Regen+ Str-5 Dex+4} (Okawaru gifted it to you on level 10 of the Dungeon)
  9107 | D:11     | Killed an unseen horror
  9107 | D:11     | Reached skill level 5 in Invocations
  9232 | D:11     | Reached skill level 13 in Unarmed Combat
  9454 | D:11     | Found a staircase to the Orcish Mines.
  9778 | D:11     | Reached skill level 9 in Fighting
  9778 | D:11     | Reached skill level 6 in Dodging
  9835 | Lair:1   | Entered Level 1 of the Lair of Beasts
  9876 | Lair:1   | Reached XP level 12. HP: 78/123 MP: 12/15
  9901 | Lair:1   | Found a labyrinth entrance.
  9910 | Lab      | Entered a labyrinth
 10019 | Lab      | Upgraded the game from 0.20-b1-14-g8425815 to 0.20-b1-18-gaa2fd62
 10019 | Lab      | Gorglomux: &rc tself55
 10019 | Lab      | beem: http://crawl.berotato.org/crawl/rcfiles/crawl-0.20/tself55.rc
 10313 | Lab      | Noticed a minotaur
 10323 | Lab      | Killed a minotaur
 11013 | Lair:1   | Reached skill level 6 in Invocations
 11015 | Lair:1   | HP: 22/123 [yak (14)]
 11034 | Lair:1   | HP: 27/123 [yak (2)]
 11048 | Lair:1   | HP: 22/123 [crocodile (8)]
 11058 | Lair:1   | HP: 30/123 [crocodile (2)]
 11181 | Lair:2   | Noticed Harold
 11227 | Lair:2   | Killed Harold
 11258 | Lair:2   | Found a staircase to the Swamp.
 11451 | Lair:2   | Found a shadowy altar of Dithmenos.
 11651 | Lair:2   | Reached skill level 14 in Unarmed Combat
 12140 | Lair:3   | Got a pitted short sword
 12323 | Lair:3   | Noticed a four-headed hydra
 12334 | Lair:3   | Killed a four-headed hydra
 12334 | Lair:3   | Reached skill level 7 in Dodging
 12423 | Lair:3   | Received a gift from Okawaru
 12423 | Lair:3   | Reached skill level 7 in Invocations
 12426 | Lair:3   | Got a steaming dagger {god gift}
 12503 | Lair:3   | Noticed Snorg
 12511 | Lair:3   | Killed Snorg
 12613 | Lair:3   | Found a runed door.
 12977 | Lair:3   | Noticed a seven-headed hydra
 12998 | Lair:3   | Reached XP level 13. HP: 133/133 MP: 17/17
 13130 | Lair:3   | Got an ancient morningstar
 13180 | Lair:4   | Found a staircase to the Snake Pit.
 13200 | Lair:3   | Reached skill level 10 in Fighting
 13264 | Lair:4   | Noticed MirrMurr's ghost (journeyman SpEn)
 13277 | Lair:3   | Received a gift from Okawaru
 13310 | Lair:4   | Killed MirrMurr's ghost
 13873 | Lair:5   | Reached skill level 15 in Unarmed Combat
 14127 | Lair:5   | Reached skill level 8 in Invocations
 14463 | Lair:5   | Received a gift from Okawaru
 14512 | Lair:5   | Got a transparent scarf {god gift}
 14523 | Lair:5   | Identified the scarf "Dageruiq" {rC+} (Okawaru gifted it to you on level 5 of the Lair of Beasts)
 14744 | Lair:5   | Reached skill level 8 in Dodging
 14818 | Lair:6   | Entered Level 6 of the Lair of Beasts
 14980 | Lair:6   | Reached ****** piety under Okawaru
 15141 | Lair:6   | Reached XP level 14. HP: 144/144 MP: 16/19
 15457 | Lair:6   | Found a staircase to the Slime Pits.
 15732 | Lair:6   | Noticed Rupert
 15748 | Lair:6   | Killed Rupert
 15752 | Lair:6   | Received a gift from Okawaru
 15752 | Lair:6   | Reached skill level 9 in Invocations
 15756 | Lair:6   | Got an ichor-stained robe {god gift}
 15772 | Lair:6   | Identified the +1 robe of Mutualism {+Blink rN+ Int-2 Dex+4} (Okawaru gifted it to you on level 6 of the Lair of Beasts)
 15795 | Lair:6   | Reached skill level 16 in Unarmed Combat
 15891 | Lair:6   | Reached skill level 1 in Throwing
 15960 | Lair:6   | Reached skill level 11 in Fighting
 16002 | Lair:6   | Reached skill level 1 in Armour
 16208 | Lair:6   | Reached skill level 2 in Throwing
 17198 | D:12     | Reached skill level 2 in Armour
 17560 | D:13     | Reached skill level 3 in Throwing
 17695 | D:13     | Found a portal to a secret trove of treasure.
 17731 | D:13     | Found Axiepnol's Book Shoppe.
 17735 | D:13     | Reached skill level 9 in Dodging
 17776 | D:13     | Reached skill level 3 in Armour
 17798 | D:13     | Found a gate to the Vaults.
 18063 | D:13     | Received a gift from Okawaru
 18077 | D:13     | HP: 33/146 [meliai/hand axe of venom (9)]
 18082 | D:13     | HP: 42/219 [poisoned by a meliai]
 18086 | D:13     | HP: 15/219 [meliai/divine providence (13)]
 18092 | D:13     | HP: 26/219 [killer bee (4)]
 18093 | D:13     | HP: 12/219 [poisoned by a meliai]
 18101 | D:13     | HP: 30/219 [poisoned by a meliai]
 18107 | D:13     | HP: 31/219 [poisoned by a meliai]
 18112 | D:13     | HP: 32/219 [poisoned by a meliai]
 18118 | D:13     | HP: 35/219 [poisoned by a meliai]
 18126 | D:13     | HP: 40/219 [poisoned by a meliai]
 18132 | D:13     | HP: 43/219 [poisoned by a meliai]
 18535 | D:14     | Got a shadowed robe
 18547 | D:14     | Identified the +1 robe "Jesatz" {MR+ Slay-3 SInv} (You found it on level 14 of the Dungeon)
 18731 | D:14     | Reached XP level 15. HP: 154/154 MP: 12/20
 18749 | D:14     | Noticed Agnes
 18761 | D:14     | Killed Agnes
 18962 | D:14     | Found Lysywirr's Armour Emporium.
 19009 | D:14     | Reached skill level 4 in Throwing
 19047 | D:14     | Received a gift from Okawaru
 19052 | D:14     | Got a faintly humming hat {god gift}
 19058 | D:14     | Identified the +0 hat of Siavees {rPois rF+ rC- Str+4} (Okawaru gifted it to you on level 14 of the Dungeon)
 19467 | D:15     | Entered Level 15 of the Dungeon
 19491 | D:15     | Noticed Sonja
 19498 | D:15     | Killed Sonja
 19539 | D:15     | Reached skill level 17 in Unarmed Combat
 19553 | D:15     | Reached skill level 4 in Armour
 19558 | D:15     | HP: 35/154 [red ugly thing (19)]
 19873 | D:15     | Got a smoking hand axe
 20230 | D:15     | Found a staircase to the Depths.
 20684 | Orc:1    | Entered Level 1 of the Orcish Mines
 20718 | Orc:1    | Found Nantih's Quality Used Wands.
 20815 | Orc:1    | Noticed an orc warlord
 20922 | Orc:1    | Killed an orc warlord
 20922 | Orc:1    | Reached skill level 5 in Throwing
 21314 | Orc:2    | Entered Level 2 of the Orcish Mines
 21366 | Orc:2    | Found a staircase to the Elven Halls.
 21413 | Orc:2    | Found Neiwoemo's Gadget Shoppe.
 21434 | Orc:2    | Bought a lamp of fire for 520 gold pieces
 21513 | Orc:2    | HP: 37/156 [orc priest/divine providence (10)]
 21515 | Orc:2    | HP: 11/156 [orc priest/divine providence (10)]
 21533 | Orc:2    | HP: 27/156 [orc wizard/dagger (1)]
 21541 | Orc:2    | HP: 26/156 [warg (9)]
 21548 | Orc:2    | HP: 17/156 [orc priest/divine providence (15)]
 21561 | Orc:2    | HP: 32/156 [orc warrior/trident (7)]
 21578 | Orc:2    | Gained mutation: Armour fits poorly on your strangely shaped body. [a neqoxec]
 21579 | Orc:2    | HP: 33/156 [orc high priest/divine providence (13)]
 21580 | Orc:2    | Received a gift from Okawaru
 21585 | Orc:2    | HP: 27/156 [orc knight/long sword (11)]
 21613 | Orc:2    | HP: 39/156 [troll[an orc knight] (9)]
 21626 | Orc:2    | Got a heavily runed scarf {god gift}
 21640 | Orc:2    | Identified the scarf of Greed {rN+ Int+2} (Okawaru gifted it to you on level 2 of the Orcish Mines)
 22129 | Orc:2    | Found Jeadoc's Food Shop.
 22129 | Orc:2    | Found Omoixam's Book Shop.
 22130 | Orc:2    | Found Vool Wua's Antique Weapon Boutique.
 22133 | Orc:2    | Found Jaivve's General Store.
 22158 | Orc:2    | Reached skill level 5 in Armour
 22169 | Orc:2    | Bought 2 potions of haste for 360 gold pieces
 22169 | Orc:2    | Bought a potion of resistance for 180 gold pieces
 22245 | Orc:2    | Learned a level 3 spell: Regeneration
 22451 | Snake:1  | Entered Level 1 of the Snake Pit
 22469 | Lair:4   | HP: 38/156 [naga warrior/glaive (7)]
 22474 | Lair:4   | HP: 22/156 [poisoned by a naga warrior (splash of poison)]
 22479 | Lair:4   | HP: 12/156 [poisoned by a naga warrior (splash of poison)]
 22484 | Lair:4   | HP: 10/156 [poisoned by a naga warrior (splash of poison)]
 22489 | Lair:4   | HP: 11/156 [poisoned by a naga warrior (splash of poison)]
 22494 | Lair:4   | HP: 13/156 [poisoned by a naga warrior (splash of poison)]
 22500 | Lair:4   | HP: 17/156 [poisoned by a naga warrior (splash of poison)]
 22506 | Lair:4   | HP: 22/156 [poisoned by a naga warrior (splash of poison)]
 22514 | Lair:4   | HP: 29/156 [poisoned by a naga warrior (splash of poison)]
 23316 | Snake:1  | Reached skill level 10 in Dodging
 23495 | Snake:1  | Reached XP level 16. HP: 123/165 MP: 19/21
 23653 | Snake:1  | Reached skill level 12 in Fighting
 24091 | Snake:2  | Reached skill level 6 in Throwing
 24214 | Snake:2  | Received a gift from Okawaru
 24618 | Snake:2  | Reached skill level 18 in Unarmed Combat
 24677 | Snake:2  | Received a gift from Okawaru
 24684 | Snake:2  | Got a brightly glowing robe {god gift}
 24712 | Snake:2  | Identified the +1 robe of the Four Stories {MR+ Str+3} (Okawaru gifted it to you on level 2 of the Snake Pit)
 25032 | Snake:2  | Found Icsoetso's Gadget Emporium.
 25054 | Snake:2  | Reached skill level 6 in Armour
 25239 | Snake:2  | Noticed Jorgrun
 25253 | Snake:2  | Killed Jorgrun
 25780 | Snake:3  | HP: 36/165 [naga mage/poison arrow (8)]
 25781 | Snake:3  | HP: 17/165 [naga sharpshooter/bolt (14)]
 25786 | Snake:3  | HP: 39/165 [naga sharpshooter/bolt (6)]
 25812 | Snake:3  | HP: 40/165 [naga mage/bolt of poison (3)]
 25818 | Snake:3  | HP: 30/165 [poisoned by a naga mage (splash of poison)]
 25822 | Snake:3  | Reached skill level 7 in Throwing
 25824 | Snake:3  | HP: 20/166 [poisoned by a naga mage (splash of poison)]
 25832 | Snake:2  | HP: 24/166 [poisoned by a naga mage (splash of poison)]
 26049 | Snake:3  | Noticed Donald
 26065 | Snake:3  | Killed Donald
 26171 | Snake:3  | Reached skill level 1 in Shields
 26328 | Snake:3  | Reached skill level 2 in Shields
 26689 | Snake:4  | Entered Level 4 of the Snake Pit
 26791 | Snake:4  | Received a gift from Okawaru
 26992 | Snake:4  | Reached XP level 17. HP: 164/175 MP: 20/22
 27192 | Snake:4  | HP: 43/175 [naga ritualist/Olgreb's Toxic Radiance (1)]
 27194 | Snake:4  | HP: 21/175 [naga ritualist/scimitar of venom (2)]
 27196 | Snake:4  | HP: 8/175 [mana viper (9)]
 27196 | Snake:4  | Slain by a black mamba

Skill      XL: |  1  2  3  4  5  6  7  8  9 10 11 12 13 14 15 16 |
---------------+-------------------------------------------------+-----
Unarmed Combat | 1 2 4 5 6 7 9 10 11 13 14 15 16 17 18 | 18.5
Fighting       | 1 2 3 4 5 7 8 9 10 11 12 | 12.5
Dodging        | 3 4 6 7 8 9 10 | 10.8
Invocations    | 3 5 7 8 9 |  9.0
Throwing       | 3 5 7 |  7.3
Armour         | 3 5 6 |  6.5
Shields        | 2 |  2.6
Stealth        | |  1.0
Spellcasting   | |  1.2
Necromancy     | |  3.2

Action                   |  1- 3 |  4- 6 |  7- 9 | 10-12 | 13-15 | 16-18 || total
-------------------------+-------+-------+-------+-------+-------+-------++-------
Melee: Unarmed           |   116 |   112 |   236 |   724 |  1473 |   493 ||  3154
       Punch             |       |     2 |    10 |    49 |   151 |    38 ||   250
Throw: Large rock        |       |       |     2 |    17 |     8 |       ||    27
       Throwing net      |       |       |       |       |     2 |       ||     2
 Cast: Pain              |       |       |       |     4 |       |       ||     4
Invok: Heroism           |       |       |     4 |    18 |    20 |    14 ||    56
       Finesse           |       |       |       |     3 |     8 |     4 ||    15
Evoke: Wand              |       |       |     3 |     4 |     3 |       ||    10
       Phial of floods   |       |       |       |       |     2 |     1 ||     3
       Box of beasts     |       |       |       |       |     1 |       ||     1
       Lamp of fire      |       |       |       |       |     1 |       ||     1
  Use: Scroll            |       |     1 |     3 |    19 |     7 |     4 ||    34
       Potion            |       |       |       |     4 |     5 |     6 ||    15
 Stab: Sleeping          |     6 |     6 |     7 |     3 |     1 |       ||    23
       Paralysed         |       |       |     6 |       |       |       ||     6
       Distracted        |       |       |     1 |       |     1 |       ||     2
       Held in net/web   |       |       |       |       |     3 |       ||     3
  Eat: Chunk             |    16 |     9 |    29 |    78 |   100 |    22 ||   254
       Meat ration       |       |       |     1 |       |       |     3 ||     4
       Fruit             |       |       |     1 |       |       |       ||     1
       Royal jelly       |       |       |       |       |       |     2 ||     2
Armor: Robe              |    40 |    31 |    72 |   102 |       |       ||   245
       Skin              |       |       |       |    26 |     9 |       ||    35
       Troll leather arm |       |       |       |    78 |   436 |       ||   514
       Ice dragon scales |       |       |       |       |    22 |   115 ||   137
Dodge: Dodged            |    51 |    38 |   138 |   433 |   897 |   238 ||  1795
Block: Shield            |       |       |       |       |       |    94 ||    94
       Reflection        |       |       |       |       |       |    13 ||    13

Vault maps used:
D:1:      dpeg_arrival_subterranean_lakeside_camping
D:2:      minmay_diamond_boxcup
D:3:      gammafunk_steamed_eel, cheibrodos_sewer_entry_sluice,
          minmay_item_behind_shaft, makhleb_heckhound_becter
D:4:      minmay_temple_entry_butterflies, first_bread, grunt_ministairs_15,
          uniq_duvessa, uniq_grinder
D:5:      kennysheep_generic_room_12
D:6:      serial_shops, shop, roderic_batcave, uniq_sigmund
D:7:      uniq_pikel
D:8:      serial_shops, nicolae_shop_crystal, shop, nicolae_shop_stone, shop,
          uniq_gastronok, uniq_prince_ribbit1
D:9:      grunt_qazlal_sundering, erik_lair_orcish_takeover
D:11:     hiddenorc2_lemuel
D:12:     grunt_livestock
D:13:     david_vaults_2, serial_shops, shop_fountains,
          nicolae_trove_entry_diagonal, special_room
D:14:     serial_shops, shop, corexii_corridor_pit,
          nrook_guardian_serpent_ordinary, uniq_agnes
D:15:     grunt_enter_depths_hoard, hangedman_decor_points, uniq_sonja
Temple:   roderic_octagonal_lattice_temple
Lair:1:   lab_entry_generic
Lair:2:   swamp_mist_pool, nicolae_quartered_pool_medium, lemuel_oklob_altar,
          uniq_harold
Lair:3:   pf_torpor_hydra, infiniplex_staircase_pool, lemuel_fruit_tree,
          lemuel_fruit_fields, uniq_snorg
Lair:4:   dummy_snake_entry, patterned_corridor
Lair:5:   enter_volcano_4, grunt_forest_stairs_basic, grunt_megastairs_5
Lair:6:   grunt_lair_end_beastmaster, nicolae_slime_entry_slimehenge,
          grunt_megastairs_1, uniq_rupert
Snake:1:  nicolae_snake_nest, grunt_ministairs_1
Snake:2:  serial_shops, shop, abandoned_shop, uniq_jorgrun
Snake:3:  grunt_megastairs_2, uniq_donald
Snake:4:  minmay_snake_end_coiled
Orc:1:    nicolae_for_you_no_charge
Orc:2:    st_orc_mages, serial_shops, shop
Lab:      labyrinth_watery

Table legend:
 A = Turns spent in this place as a percentage of turns spent in the entire game.
 B = Non-inter-level travel turns spent in this place as a percentage of non-inter-level travel turns spent in the entire game.
 C = Inter-level travel turns spent in this place as a percentage of turns spent in this place.
 D = Turns resting spent in this place as a percentage of non-inter-level travel turns spent in this place.
 E = Turns spent auto-exploring this place as a percentage of non-inter-level travel turns spent in this place.
 F = Non-inter-level travel turns spent in this place divided by the number of levels of this place that you've seen.
                   A       B       C       D       E      F
               +-------+-------+-------+-------+-------+----------------------
         Total | 100.0 | 100.0 |   0.4 |   1.9 |   7.1 | 395.6
       Dungeon |  45.0 |  44.9 |   0.6 |   1.9 |   8.4 | 343.7
        Temple |   0.3 |   0.3 |   3.1 |   0.0 |  48.4 |  31.0
          Lair |  23.2 |  23.2 |   0.4 |   1.7 |   6.0 | 443.7
     Snake Pit |  16.5 |  16.5 |   0.2 |   3.4 |   6.0 | 473.0
  Orcish Mines |  10.8 |  10.8 |   0.4 |   0.6 |   8.0 | 621.5
     Labyrinth |   4.2 |   4.3 |   0.0 |   0.0 |   0.0 | 488.0
               +-------+-------+-------+-------+-------+----------------------

Table legend:
 A = Kills in this place as a percentage of kills in entire the game.
 B = Kills by you in this place as a percentage of kills by you in the entire game.
 C = Kills by friends in this place as a percentage of kills by friends in the entire game.
 D = Other kills in this place as a percentage of other kills in the entire game.
 E = Experience gained in this place as a percentage of experience gained in the entire game.
 F = Experience gained in this place divided by the number of levels of this place that you have seen.
                   A       B       C       D       E      F
               +-------+-------+-------+-------+-------+----------------------
         Total | 100.0 | 100.0 | 100.0 | 100.0 | 100.0 | 7544.7
       Dungeon |  47.9 |  48.0 |   0.0 |   0.0 |  28.6 | 4167.8
          Lair |  20.8 |  20.9 |   0.0 |   0.0 |  28.9 | 10541.0
     Snake Pit |  14.9 |  14.8 |   0.0 | 100.0 |  33.9 | 18534.5
  Orcish Mines |  16.2 |  16.2 | 100.0 |   0.0 |   8.1 | 8905.0
     Labyrinth |   0.1 |   0.1 |   0.0 |   0.0 |   0.5 | 1085.0
               +-------+-------+-------+-------+-------+----------------------
